 Dungeon Crawl Stone Soup version 0.27-a0-1046-g98bf31544f (webtiles) character file.

Game seed: 5544747016163630302

2 jasper the Sneak (level 1, -3/18 HPs)
             Began as a Demonspawn Delver on Apr 20, 2021.
             Slain by an ogre
             ... wielding a +0 giant club
              (21 damage)
             ... on level 5 of the Dungeon.
             The game lasted 00:00:51 (190 turns).

jasper the Sneak (Demonspawn Delver)                 Turns: 190, Time: 00:00:52

Health: -3/18      AC:  8    Str: 12    XL:     1   Next: 25%
Magic:  1/1        EV:  5    Int: 11    God:
Gold:   47         SH:  0    Dex: 14    Spells: 0/0 levels left

rFire    . . .     SeeInvis .   a - +0 hand axe
rCold    . . .     Faith    .   (no shield)
rNeg     . . .     Spirit   .   j - +0 chain mail
rPois    .         Reflect  .   (no helmet)
rElec    .         Harm     .   (no cloak)
rCorr    .         Rampage  .   (no gloves)
Will     .....                  (no boots)
Stlth    ..........             (no amulet)
HPRegen  0.06/turn              (no ring)
MPRegen  0.07/turn              (no ring)

@: about to teleport
A: no striking features
a: no special abilities


You were on level 5 of the Dungeon.
You visited 1 branch of the dungeon, and saw 2 of its levels.

You collected 47 gold pieces.

Inventory:

Hand Weapons
 a - a +0 hand axe (weapon)
Armour
 b - a +0 leather armour
 j - a +0 chain mail (worn)
Wands
 g - a wand of digging (3)
Scrolls
 c - a scroll of fog
 d - a scroll of magic mapping
 e - a scroll of fear
Potions
 f - a potion of haste
 i - a potion of heal wounds


   Skills:
 + Level 3.0 Fighting
 * Level 1.9 Axes
 + Level 0.1 Armour
 - Level 1.7 Dodging
 - Level 4.5 Stealth


You couldn't memorise any spells.
You didn't know any spells.
Your spell library contained the following spells:

 Spells                   Type           Power      Damage    Failure   Level
 Confusing Touch          Hex            0%         N/A       100%        3
 Gell's Gravitas          Tloc           0%         N/A       100%        3
 Petrify                  Tmut/Erth      0%         N/A       100%        4
 Metabolic Englaciation   Hex/Ice        0%         N/A       100%        5
 Yara's Violent Unravell  Hex/Tmut       0%         3d3       100%        5


Dungeon Overview and Level Annotations

Branches:
Dungeon (6/15)
 Temple: D:4-7

Altars:

Shops:
D:5 :

Annotations:
D:5 exclusion: zombie
D:6 Duvessa


Message History

You hit the orc.
The orc is heavily wounded.
The orc barely misses you.
You hit the orc but do no damage.
The orc is heavily wounded.
The orc closely misses you. The orc hits you but does no damage.
You closely miss the orc.
The orc is moderately wounded.
The orc hits you with a +0 club.
You take 1 damage, and have 17/18 hp.
You hit the orc.
You kill the orc!
Things that are here:
a +0 club; a +0 chain mail; an orc corpse
j - a +0 chain mail You start resting.
HP restored.
Health restored: 18 You start removing your armour.
You continue taking off your +0 leather armour. x4
You finish taking off your +0 leather armour.
You start putting on your armour.
You continue putting on your +0 chain mail. x5
You finish putting on your +0 chain mail.
You hear the slow rusting of a drain nearby.
Found Cejadub's Book Emporium.
An ogre comes into view. It is wielding a +0 giant club.
The ogre shouts!
Okay, then.
It was a potion of heal wounds.
You feel much better.
Okay, then.
You see here a scroll labelled NAWNOK BEPP.
As you read the scroll labelled NAWNOK BEPP, it crumbles to dust.
It is a scroll of identify.
h - a scroll of teleportation
As you read the scroll of teleportation, it crumbles to dust.
You feel strangely unstable.
The ogre hits you with a +0 giant club!!
Ouch! That really hurt!
You die...

........ ##########
......##...##...##
#...##..........####
#..#............##.
##...............##.
#∩..#............##.
#...#...........###.
#.O.#.#...##...## #.
##.@####.....### ##.
#### #####.## #..
##..####.#
#.........
#....##.#.### #..##
#...# #.# #.)##
#.#####..####
##...........


You could see an ogre.

Vanquished Creatures
  An orc (D:5)
1 creature vanquished.

Vanquished Creatures (others)
  2 toadstools (D:5)
2 creatures vanquished.

Grand Total: 3 creatures vanquished

Notes
Turn   | Place    | Note
-------+----------+-------------------------------------------
     0 | D:5      | jasper the Demonspawn Delver began the quest for the Orb.
     0 | D:5      | Reached XP level 1. HP: 18/18 MP: 1/1
    55 | D:6      | Noticed Duvessa
    81 | D:5      | Noticed a water moccasin zombie
   177 | D:5      | Found Cejadub's Book Emporium.
   181 | D:5      | Noticed an ogre
   190 | D:5      | Slain by an ogre

Illustrated notes

Levels and vault maps discovered:
D:5:      layout_rooms, kennysheep_mini_moat, gup_sewer_entry_bubbles,
          serial_shops, shop, serial_bayou_lagoon_a, minmay_gold_behind_fungi
D:6:      layout_basic, kennysheep_potato, uniq_duvessa

Action                   || total
-------------------------++-------
Melee: Hand axe          ||     5
  Use: Scroll            ||     2
       Potion            ||     1
Armor: Leather armour    ||     1
Dodge: Dodged            ||     3

Table legend: (Time is in decaauts)
 A = Elapsed time spent in this place.
 B = Non-inter-level travel time spent in this place.
 C = Inter-level travel time spent in this place.
 D = Time resting spent in this place.
 E = Time spent auto-exploring this place.
 F = Levels seen in this place.
 G = Mean time per level.
                   A        B        C        D        E       F      G
               +--------+--------+--------+--------+--------+-----+--------+
         Total |    191 |    191 |      0 |     16 |    108 |   2 |   95.5 |
       Dungeon |    191 |    191 |      0 |     16 |    108 |   2 |   95.5 |
               +--------+--------+--------+--------+--------+-----+--------+

Top non-repeatable levels by time:
     D:5: 131 daAuts
     D:6: 59 daAuts
